| TOP OF THE 1ST |
|
Boston Red Sox batting - Pitching for Montreal Expos : RHP Cheng-ho Hsu
|
|
Pitching: RHP Cheng-ho Hsu
|
|
|
Batting: RHB Alois Wollf
|
0-0: Ball 1-0: DOUBLE (Flyball, 89XD, EV 103.8 MPH)
|
|
Batting: RHB Nick Esteves
|
0-0: Foul Ball, location: 2F 0-1: Ball 1-1: Called Strike 1-2: Fly out, F7 (Flyball, 7D, EV 92.5 MPH) Runner from 2nd tags up, SAFE at 3rd, no throw by LF
|
|
Batting: LHB Kevin McCormic Jr.
|
0-0: Ball 1-0: Ball 2-0: Called Strike 2-1: Foul Ball, location: 2F 2-2: SINGLE (Groundball, 4MD, EV 103.1 MPH) Alois Wollf scores
|
|
Batting: RHB David Price Jr.
|
0-0: Called Strike 0-1: Fly out, F7 (Flyball, 7, EV 93.8 MPH)
|
|
Batting: LHB Jarrett Mordecai
|
0-0: Ball 1-0: Called Strike 1-1: Foul Ball, location: 2F 1-2: Strikes out swinging
|
| Top of the 1st over - 1 run, 2 hits, 0 errors, 1 left on base; Boston 1 - Montreal 0 |
| BOTTOM OF THE 1ST |
|
Montreal Expos batting - Pitching for Boston Red Sox : RHP Jeremy Hernandez
|
|
Pitching: RHP Jeremy Hernandez
|
|
|
Batting: LHB Bill McGregor
|
0-0: Ball 1-0: Ball 2-0: Ball 3-0: Base on Balls
|
|
Batting: RHB Steve French
|
0-0: Foul Ball, location: 2F 0-1: Swinging Strike 0-2: Foul Ball, location: 2F 0-2: Foul Ball, location: 2F 0-2: Foul Ball, location: 2F 0-2: Ball 1-2: Ball 2-2: Foul Ball, location: 2F 2-2: Foul Ball, location: 2F 2-2: Ball 3-2: Fielders Choice at 2nd, 5-4 (Groundball, 56, EV 103.1 MPH)
|
|
Batting: LHB Austin Ohmer
|
0-0: Foul Ball, location: 2F 0-1: Ball 1-1: Foul Ball, location: 2F 1-2: Ball 2-2: Ball 3-2: Fly out, F8 (Flyball, 8RD, EV 102.5 MPH)
|
|
Batting: LHB Mark Marvin
|
0-0: Ball 1-0: Ball 2-0: Foul Ball, location: 2F 2-1: Foul Ball, location: 2F 2-2: Strikes out swinging
|
| Bottom of the 1st over - 0 runs, 0 hits, 0 errors, 1 left on base; Boston 1 - Montreal 0 |
| TOP OF THE 2ND |
|
Boston Red Sox batting - Pitching for Montreal Expos : RHP Cheng-ho Hsu
|
|
Batting: RHB Elijah Campbell
|
0-0: Ground out 1-3 (Groundball, 15S, EV 65.6 MPH)
|
|
Batting: LHB Sakae Kasahara
|
0-0: Called Strike 0-1: SOLO HOME RUN (Line Drive, 7D, EV 96.2 MPH), Distance : 368 ft
|
|
Batting: SHB Greg Shaw
|
0-0: Foul Ball, location: 2F 0-1: SINGLE (Line Drive, 4M, EV 105.0 MPH)
|
|
Batting: LHB Tim Fuller
|
0-0: Ball Greg Shaw is caught stealing 2nd base 2-6 1-0: Ball 2-0: Ground out 5-3 (Groundball, 56, EV 101.9 MPH)
|
| Top of the 2nd over - 1 run, 2 hits, 0 errors, 0 left on base; Boston 2 - Montreal 0 |
| BOTTOM OF THE 2ND |
|
Montreal Expos batting - Pitching for Boston Red Sox : RHP Jeremy Hernandez
|
|
Batting: LHB Steve Anderson
|
0-0: Foul Ball, location: 2F 0-1: Ball 1-1: Foul Ball, location: 2F 1-2: Ball 2-2: Ball 3-2: Base on Balls
|
|
Batting: RHB Jonathan Fraire
|
0-0: Called Strike 0-1: Ball 1-1: Fly out, F8 (Line Drive, 8LM, EV 91.9 MPH)
|
|
Batting: SHB Lou Kroneman
|
0-0: Ball 1-0: Swinging Strike 1-1: Ball 2-1: Grounds into double play, 4-6-3 (Groundball, 4, EV 90.6 MPH)
|
| Bottom of the 2nd over - 0 runs, 0 hits, 0 errors, 0 left on base; Boston 2 - Montreal 0 |
| TOP OF THE 3RD |
|
Boston Red Sox batting - Pitching for Montreal Expos : RHP Cheng-ho Hsu
|
|
Batting: RHB Alois Wollf
|
0-0: Swinging Strike 0-1: Ball 1-1: Foul Ball, location: 2F 1-2: Ball 2-2: Ball 3-2: Fly out, F8 (Flyball, 8LD, EV 96.9 MPH)
|
|
Batting: RHB Nick Esteves
|
0-0: Foul Ball, location: 2F 0-1: Ball 1-1: Called Strike 1-2: Foul Ball, location: 2F 1-2: Foul Ball, location: 2F 1-2: Ball 2-2: Ball 3-2: Strikes out swinging
|
|
Batting: LHB Kevin McCormic Jr.
|
0-0: Called Strike 0-1: Ball 1-1: Ball 2-1: Foul Ball, location: 2F 2-2: Ball 3-2: Ground out 6-3 (Groundball, 6, EV 84.4 MPH)
|
| Top of the 3rd over - 0 runs, 0 hits, 0 errors, 0 left on base; Boston 2 - Montreal 0 |
| BOTTOM OF THE 3RD |
|
Montreal Expos batting - Pitching for Boston Red Sox : RHP Jeremy Hernandez
|
|
Batting: RHB Tommy Mize
|
0-0: Ball 1-0: Foul Ball, location: 2F 1-1: Foul Ball, location: 2F 1-2: Strikes out looking
|
|
Batting: RHB Danny Diaz
|
0-0: Ball 1-0: Ground out 3-1 (Groundball, 34, EV 98.1 MPH)
|
|
Batting: LHB Bill McGregor
|
0-0: Ball 1-0: Ground out 4-3 (Groundball, 34D, EV 102.5 MPH)
|
| Bottom of the 3rd over - 0 runs, 0 hits, 0 errors, 0 left on base; Boston 2 - Montreal 0 |
| TOP OF THE 4TH |
|
Boston Red Sox batting - Pitching for Montreal Expos : RHP Cheng-ho Hsu
|
|
Batting: RHB David Price Jr.
|
0-0: Called Strike 0-1: Foul Ball, location: 2F 0-2: Ball 1-2: Foul Ball, location: 2F 1-2: Ball 2-2: Fly out, F5 (Popup, 5SF, EV 76.9 MPH)
|
|
Batting: LHB Jarrett Mordecai
|
0-0: Ball 1-0: Ball 2-0: Called Strike 2-1: Foul Ball, location: 2F 2-2: Ground out 1-3 (Groundball, 13S, EV 61.2 MPH)
|
|
Batting: RHB Elijah Campbell
|
0-0: Called Strike 0-1: Fly out, F8 (Line Drive, 8LM, EV 92.5 MPH)
|
| Top of the 4th over - 0 runs, 0 hits, 0 errors, 0 left on base; Boston 2 - Montreal 0 |
| BOTTOM OF THE 4TH |
|
Montreal Expos batting - Pitching for Boston Red Sox : RHP Jeremy Hernandez
|
|
Batting: RHB Steve French
|
0-0: Ball 1-0: Ball 2-0: Fly out, F8 (Flyball, 8RD, EV 101.9 MPH)
|
|
Batting: LHB Austin Ohmer
|
0-0: Ball 1-0: Ball 2-0: Foul Ball, location: 2F 2-1: SINGLE (Groundball, 25, EV 66.2 MPH) (infield hit)
|
|
Batting: LHB Mark Marvin
|
0-0: Foul Ball, location: 2F 0-1: DOUBLE (Line Drive, 89D, EV 108.8 MPH) Austin Ohmer to third Runner from 3rd tries for Home, SAFE, no throw by RF
|
|
Batting: LHB Steve Anderson
|
0-0: Foul Ball, location: 2F 0-1: Called Strike 0-2: Ball 1-2: Strikes out swinging
|
|
Batting: RHB Jonathan Fraire
|
0-0: Ground out 1-3 (Groundball, 34S, EV 68.8 MPH)
|
| Bottom of the 4th over - 1 run, 2 hits, 0 errors, 1 left on base; Boston 2 - Montreal 1 |
| TOP OF THE 5TH |
|
Boston Red Sox batting - Pitching for Montreal Expos : RHP Cheng-ho Hsu
|
|
Batting: LHB Sakae Kasahara
|
0-0: Ball 1-0: Ball 2-0: Called Strike 2-1: Ground out U3 (Groundball, 3S, EV 70.0 MPH)
|
|
Batting: SHB Greg Shaw
|
0-0: Ball 1-0: Called Strike 1-1: Ball 2-1: SINGLE (Groundball, 34D, EV 94.4 MPH)
|
|
Batting: LHB Tim Fuller
|
0-0: Called Strike 0-1: Foul Ball, location: 2F 0-2: Ball Greg Shaw steals 2nd, throwing error, E2 Greg Shaw to third 1-2: Foul Ball, location: 2F 1-2: Strikes out swinging
|
|
Batting: RHB Alois Wollf
|
0-0: Ball 1-0: Called Strike 1-1: Ball 2-1: SINGLE (Groundball, 6S, EV 69.4 MPH) (infield hit) Greg Shaw scores
|
|
Batting: RHB Nick Esteves
|
0-0: Fielders Choice at 2nd, 5-4 (Groundball, 5, EV 104.4 MPH)
|
| Top of the 5th over - 1 run, 2 hits, 1 error, 1 left on base; Boston 3 - Montreal 1 |
| BOTTOM OF THE 5TH |
|
Montreal Expos batting - Pitching for Boston Red Sox : RHP Jeremy Hernandez
|
|
Batting: SHB Lou Kroneman
|
0-0: SINGLE (Line Drive, 8RS, EV 105.0 MPH)
|
|
Batting: RHB Tommy Mize
|
0-0: Ball 1-0: Ball 2-0: Called Strike 2-1: Foul Ball, location: 2F 2-2: Ball 3-2: Foul Ball, location: 2F 3-2: Strikes out swinging
|
|
Batting: RHB Danny Diaz
|
0-0: Swinging Strike 0-1: Called Strike 0-2: SINGLE (Groundball, 4D, EV 110.6 MPH) Lou Kroneman to second
|
|
Batting: LHB Bill McGregor
|
0-0: Foul Ball, location: 2F 0-1: SINGLE (Groundball, 6S, EV 63.1 MPH) (infield hit) Lou Kroneman to third Danny Diaz to second
|
|
Batting: RHB Steve French
|
0-0: Ball 1-0: Ball 2-0: Called Strike 2-1: GRAND SLAM HOME RUN (Flyball, 9D, EV 97.5 MPH), Distance : 361 ft
|
|
Pitching: LHP John Hotham
|
|
|
Batting: LHB Austin Ohmer
|
0-0: Ball 1-0: Swinging Strike 1-1: Called Strike 1-2: Ball 2-2: Strikes out swinging
|
|
Batting: LHB Mark Marvin
|
0-0: Ball 1-0: Foul Ball, location: 2F 1-1: Foul Ball, location: 2F 1-2: Ball 2-2: Foul Ball, location: 2F 2-2: Ground out U3 (Groundball, 3, EV 82.5 MPH)
|
| Bottom of the 5th over - 4 runs, 4 hits, 0 errors, 0 left on base; Boston 3 - Montreal 5 |
| TOP OF THE 6TH |
|
Boston Red Sox batting - Pitching for Montreal Expos : RHP Cheng-ho Hsu
|
|
Batting: LHB Kevin McCormic Jr.
|
0-0: Called Strike 0-1: Called Strike 0-2: SOLO HOME RUN (Flyball, 9LD, EV 94.4 MPH), Distance : 346 ft
|
|
Batting: RHB David Price Jr.
|
0-0: DOUBLE (Groundball, 3L, EV 97.5 MPH)
|
|
Batting: LHB Jarrett Mordecai
|
0-0: Ball 1-0: Swinging Strike 1-1: Foul Ball, location: 2F 1-2: Hit by Pitch
|
|
Batting: RHB Elijah Campbell
|
0-0: Grounds into double play, 5-4-3 (Groundball, 56, EV 99.4 MPH) David Price Jr. to third
|
|
Batting: LHB Sakae Kasahara
|
0-0: Foul Ball, location: 2F 0-1: Ball 1-1: Swinging Strike 1-2: Fly out, F8 (Flyball, 8LD, EV 97.5 MPH)
|
| Top of the 6th over - 1 run, 2 hits, 0 errors, 1 left on base; Boston 4 - Montreal 5 |
| BOTTOM OF THE 6TH |
|
Montreal Expos batting - Pitching for Boston Red Sox : LHP John Hotham
|
|
Batting: LHB Steve Anderson
|
0-0: Ball 1-0: Fly out, F9 (Line Drive, 89D, EV 103.1 MPH)
|
|
Batting: RHB Jonathan Fraire
|
0-0: Swinging Strike 0-1: Called Strike 0-2: Ball 1-2: Ground out 4-3 (Groundball, 4, EV 81.9 MPH)
|
|
Batting: SHB Lou Kroneman
|
0-0: Called Strike 0-1: Swinging Strike 0-2: Foul Ball, location: 2F 0-2: Foul Ball, location: 2F 0-2: Ball 1-2: Foul Ball, location: 2F 1-2: SINGLE (Line Drive, 89S, EV 106.2 MPH)
|
|
Batting: RHB Tommy Mize
|
0-0: Foul Ball, location: 2F 0-1: Ball 1-1: Swinging Strike 1-2: Strikes out swinging
|
| Bottom of the 6th over - 0 runs, 1 hit, 0 errors, 1 left on base; Boston 4 - Montreal 5 |
| TOP OF THE 7TH |
|
Boston Red Sox batting - Pitching for Montreal Expos : RHP Cheng-ho Hsu
|
|
Batting: SHB Greg Shaw
|
0-0: Foul Ball, location: 2F 0-1: Ball 1-1: Ball 2-1: Swinging Strike 2-2: Foul Ball, location: 2F 2-2: Strikes out swinging
|
|
Batting: LHB Tim Fuller
|
0-0: Ball 1-0: Foul Ball, location: 2F 1-1: DOUBLE (Line Drive, 9LM, EV 105.0 MPH)
|
|
Batting: RHB Alois Wollf
|
0-0: Swinging Strike 0-1: Swinging Strike 0-2: DOUBLE (Flyball, 8LXD, EV 115.0 MPH) Tim Fuller scores
|
|
Pitching: RHP Zack Rust
|
|
|
Batting: RHB Nick Esteves
|
0-0: Ball 1-0: Called Strike 1-1: Ball 2-1: Fly out, F8 (Flyball, 8RD, EV 93.8 MPH)
|
|
Batting: LHB Kevin McCormic Jr.
|
0-0: Ball 1-0: Foul Ball, location: 2F 1-1: Ball 2-1: Ball 3-1: Ground out U3 (Groundball, 3, EV 83.8 MPH)
|
| Top of the 7th over - 1 run, 2 hits, 0 errors, 1 left on base; Boston 5 - Montreal 5 |
| BOTTOM OF THE 7TH |
|
Montreal Expos batting - Pitching for Boston Red Sox : LHP John Hotham
|
|
Batting: RHB Danny Diaz
|
0-0: Ball 1-0: Called Strike 1-1: Swinging Strike 1-2: Ball 2-2: Fly out, F8 (Line Drive, 8LD, EV 85.6 MPH)
|
|
Pitching: RHP Jon Mercado
|
|
|
Batting: LHB Bill McGregor
|
0-0: Ball 1-0: Called Strike 1-1: Swinging Strike 1-2: Foul Ball, location: 2F 1-2: Foul Ball, location: 2F 1-2: Foul Ball, location: 2F 1-2: Ball 2-2: Fly out, F4 (Popup, 23, EV 83.1 MPH)
|
|
Batting: RHB Steve French
|
0-0: Ground out 5-3 (Groundball, 5L, EV 80.6 MPH)
|
| Bottom of the 7th over - 0 runs, 0 hits, 0 errors, 0 left on base; Boston 5 - Montreal 5 |
| TOP OF THE 8TH |
|
Boston Red Sox batting - Pitching for Montreal Expos : RHP Zack Rust
|
|
Batting: RHB David Price Jr.
|
0-0: Hit by Pitch
|
|
Batting: LHB Jarrett Mordecai
|
0-0: Fly out, F2 (Popup, 13S, EV 80.6 MPH)
|
|
Batting: RHB Elijah Campbell
|
0-0: Foul Ball, location: 2F 0-1: Foul Ball, location: 2F 0-2: Ball 1-2: Strikes out swinging
|
|
Pitching: LHP Kyle Schlosschlonghair
|
|
|
Batting: RHB Andrew Robinson
|
0-0: Called Strike 0-1: Called Strike 0-2: Ball 1-2: Foul Ball, location: 2F 1-2: Ball 2-2: Ball Wild Pitch! David Price Jr. to second 3-2: Strikes out swinging
|
| Top of the 8th over - 0 runs, 0 hits, 0 errors, 1 left on base; Boston 5 - Montreal 5 |
| BOTTOM OF THE 8TH |
|
Montreal Expos batting - Pitching for Boston Red Sox : RHP Jon Mercado
|
|
Batting: LHB Austin Ohmer
|
0-0: Called Strike 0-1: Swinging Strike 0-2: Ball 1-2: Fly out, F6 (Popup, 4, EV 54.4 MPH)
|
|
Batting: LHB Mark Marvin
|
0-0: Called Strike 0-1: Swinging Strike 0-2: Strikes out swinging
|
|
Batting: LHB Steve Anderson
|
0-0: Called Strike 0-1: Ball 1-1: Called Strike 1-2: Foul Ball, location: 2F 1-2: Foul Ball, location: 2F 1-2: Ball 2-2: Strikes out swinging
|
| Bottom of the 8th over - 0 runs, 0 hits, 0 errors, 0 left on base; Boston 5 - Montreal 5 |
| TOP OF THE 9TH |
|
Boston Red Sox batting - Pitching for Montreal Expos : LHP Kyle Schlosschlonghair
|
|
Pitching: RHP Jakub Kvacek
|
|
|
Batting: SHB Greg Shaw
|
0-0: Swinging Strike 0-1: Swinging Strike 0-2: Strikes out swinging
|
|
Batting: LHB Tim Fuller
|
0-0: Called Strike 0-1: Called Strike 0-2: Ball 1-2: Strikes out looking
|
|
Batting: RHB Alois Wollf
|
0-0: Fly out, F8 (Flyball, 8RM, EV 90.0 MPH)
|
| Top of the 9th over - 0 runs, 0 hits, 0 errors, 0 left on base; Boston 5 - Montreal 5 |
| BOTTOM OF THE 9TH |
|
Montreal Expos batting - Pitching for Boston Red Sox : RHP Jon Mercado
|
|
Pitching: RHP Guadalupe Vasguez
|
|
|
Pinch Hitting: SHB Joey Pacheco
|
0-0: Called Strike 0-1: Foul Ball, location: 2F 0-2: Strikes out swinging
|
|
Batting: SHB Lou Kroneman
|
0-0: Called Strike 0-1: Foul Ball, location: 2F 0-2: Ball 1-2: SINGLE (Groundball, 5D, EV 95.6 MPH)
|
|
Batting: RHB Tommy Mize
|
0-0: Called Strike 0-1: Ball 1-1: Foul Ball, location: 2F 1-2: Fly out, F1 (Line Drive, P, EV 66.9 MPH) Lined into DP, 1-3 (Line Drive, P, EV 70.0 MPH)
|
| Bottom of the 9th over - 0 runs, 1 hit, 0 errors, 0 left on base; Boston 5 - Montreal 5 |
| TOP OF THE 10TH |
|
Boston Red Sox batting - Pitching for Montreal Expos : RHP Jakub Kvacek
|
|
Now in LF: John Ham
|
|
|
Now in CF: Bill McGregor
|
|
|
Batting: RHB Nick Esteves
|
0-0: Called Strike 0-1: Ball 1-1: Foul Ball, location: 2F 1-2: Foul Ball, location: 2F 1-2: Strikes out swinging
|
|
Batting: LHB Kevin McCormic Jr.
|
0-0: Ball 1-0: Foul Ball, location: 2F 1-1: Foul Ball, location: 2F 1-2: Ball 2-2: Foul Ball, location: 2F 2-2: DOUBLE (Line Drive, 78XD, EV 111.9 MPH)
|
|
Batting: RHB David Price Jr.
|
0-0: Fly out, F3 (Line Drive, 34, EV 69.4 MPH) Lined into DP, 3-6 (Line Drive, 34, EV 72.5 MPH)
|
| Top of the 10th over - 0 runs, 1 hit, 0 errors, 0 left on base; Boston 5 - Montreal 5 |
| BOTTOM OF THE 10TH |
|
Montreal Expos batting - Pitching for Boston Red Sox : RHP Guadalupe Vasguez
|
|
Batting: RHB Danny Diaz
|
0-0: Called Strike 0-1: Ball 1-1: Ball 2-1: Ball 3-1: Called Strike 3-2: Strikes out swinging
|
|
Batting: LHB Bill McGregor
|
0-0: Ball 1-0: Called Strike 1-1: Fly out, F7 (Flyball, 78D, EV 82.5 MPH)
|
|
Batting: RHB Steve French
|
0-0: Ball 1-0: Ball 2-0: Called Strike 2-1: Called Strike 2-2: Strikes out looking
|
| Bottom of the 10th over - 0 runs, 0 hits, 0 errors, 0 left on base; Boston 5 - Montreal 5 |
| TOP OF THE 11TH |
|
Boston Red Sox batting - Pitching for Montreal Expos : RHP Jakub Kvacek
|
|
Batting: LHB Jarrett Mordecai
|
0-0: Ball 1-0: Called Strike 1-1: Foul Ball, location: 2F 1-2: Strikes out swinging
|
|
Batting: RHB Elijah Campbell
|
0-0: Ball 1-0: Ball 2-0: Ground out U3 (Groundball, 34S, EV 68.8 MPH)
|
|
Batting: RHB Andrew Robinson
|
0-0: Called Strike 0-1: Swinging Strike 0-2: Ball 1-2: SINGLE (Groundball, 4M, EV 105.0 MPH) (infield hit)
|
|
Batting: SHB Greg Shaw
|
0-0: Fly out, F8 (Line Drive, 8RM, EV 93.8 MPH)
|
| Top of the 11th over - 0 runs, 1 hit, 0 errors, 1 left on base; Boston 5 - Montreal 5 |
| BOTTOM OF THE 11TH |
|
Montreal Expos batting - Pitching for Boston Red Sox : RHP Guadalupe Vasguez
|
|
Batting: LHB Austin Ohmer
|
0-0: Called Strike 0-1: Ball 1-1: Ball 2-1: Ball 3-1: Ground out 5-3 (Groundball, 6, EV 93.8 MPH)
|
|
Pitching: LHP Danny Schneible
|
|
|
Pinch Hitting: RHB Tommie Eaton
|
0-0: Ball 1-0: Foul Ball, location: 2F 1-1: Foul Ball, location: 2F 1-2: Strikes out swinging
|
|
Pinch Hitting: RHB EugĂȘnio Asceno
|
0-0: Ball 1-0: Called Strike 1-1: Ball 2-1: Swinging Strike 2-2: Ball 3-2: Base on Balls
|
|
Batting: RHB John Ham
|
0-0: Ball 1-0: Swinging Strike 1-1: Foul Ball, location: 2F 1-2: Strikes out looking
|
| Bottom of the 11th over - 0 runs, 0 hits, 0 errors, 1 left on base; Boston 5 - Montreal 5 |
| TOP OF THE 12TH |
|
Boston Red Sox batting - Pitching for Montreal Expos : RHP Jakub Kvacek
|
|
Now at 2B: EugĂȘnio Asceno
|
|
|
Now at 3B: Tommie Eaton
|
|
|
Batting: LHB Tim Fuller
|
0-0: Foul Ball, location: 2F 0-1: Ball 1-1: Ball 2-1: SINGLE (Line Drive, 9LS, EV 90.0 MPH)
|
|
Batting: RHB Alois Wollf
|
Pickoff Throw to First - Out! 1-3 CS 0-0: Ground out 6-3 (Groundball, 6, EV 80.0 MPH)
|
|
Batting: RHB Nick Esteves
|
0-0: Ball 1-0: Fly out, F8 (Flyball, 8RM, EV 82.5 MPH)
|
| Top of the 12th over - 0 runs, 1 hit, 0 errors, 0 left on base; Boston 5 - Montreal 5 |
| BOTTOM OF THE 12TH |
|
Montreal Expos batting - Pitching for Boston Red Sox : LHP Danny Schneible
|
|
Batting: SHB Lou Kroneman
|
0-0: DOUBLE (Line Drive, 89D, EV 104.4 MPH)
|
|
Batting: RHB Tommy Mize
|
0-0: Ball 1-0: Called Strike 1-1: Swinging Strike 1-2: Ball 2-2: Ball 3-2: Ground out 6-3 (Groundball, 6, EV 85.0 MPH)
|
|
Batting: RHB Danny Diaz
|
0-0: Intentional Walk
|
|
Batting: LHB Bill McGregor
|
0-0: Ball 1-0: Called Strike 1-1: Ball 2-1: Ball 3-1: Base on Balls Lou Kroneman to third Danny Diaz to second
|
|
Batting: RHB Steve French
|
0-0: Called Strike 0-1: Ball 1-1: Ball 2-1: Foul Ball, location: 2F 2-2: Ball 3-2: Foul Ball, location: 2F 3-2: Foul Ball, location: 2F 3-2: Base on Balls Lou Kroneman scores Danny Diaz to third Bill McGregor to second
|
| Bottom of the 12th over - 1 run, 1 hit, 0 errors, 3 left on base; Boston 5 - Montreal 6 |
|